 Dungeon Crawl Stone Soup version 0.17.0-56-gd8de76c (webtiles) character file.

112 PossumBlood the Magician (level 4, -6/24 HPs)
             Began as a Deep Elf Wizard on Dec 6, 2015.
             Mangled by a gnoll
             ... wielding a +0 flail
              (14 damage)
             ... on level 3 of the Dungeon.
             The game lasted 00:08:33 (1870 turns).

PossumBlood the Magician (Deep Elf Wizard)          Turns: 1870, Time: 00:08:33

Health: -6/24      AC:  2    Str:  4    XL:     4   Next: 64%
Magic:  0/14       EV: 12    Int: 24    God:
Gold:   184        SH:  0    Dex: 13    Spells: 6 memorised, 2 levels left

rFire  . . .     SeeInvis .     g - +0 dagger (curse)
rCold  . . .     Clarity  .     a - +0 robe
rNeg   + . .     SustAt   .     (no shield)
rPois  .         Gourm    .     b - +0 hat
rElec  .         Spirit   .     (no cloak)
rCorr  .         Warding  .     (no gloves)
rMut   .         Stasis   .     (no boots)
MR     .....                    (no amulet)
Stlth  +.........               y - ring of loudness (curse)
                                m - ring of positive energy

@: repel missiles, not resistant to hostile enchantments, very unstealthy
A: no striking features
a: no special abilities


You were on level 3 of the Dungeon.
You were not hungry.

You visited 1 branch of the dungeon, and saw 3 of its levels.

You collected 184 gold pieces.

Inventory:

Hand Weapons
 e - a +0 dagger
 g - a cursed +0 dagger (weapon)
 x - a +0 greatsling
Armour
 a - a +0 robe (worn)
 b - a +0 hat (worn)
Jewellery
 m - a ring of positive energy (left hand)
 r - an uncursed ring of stealth
 y - a cursed ring of loudness (right hand)
Scrolls
 d - a scroll of noise {unknown}
 h - 2 scrolls of remove curse {unknown}
 j - a scroll of recharging
 k - 2 scrolls of teleportation
 o - a scroll of fog {unknown}
 q - a scroll of enchant armour {unknown}
Potions
 f - a potion of curing {unknown}
 i - a potion of brilliance {unknown}
 p - a potion of mutation {unknown}
 u - a potion of ambrosia {unknown}
Books
 c - a book of Minor Magic

   Spells                             Type                      Level
   a - Magic Dart                     Conjuration                  1
   b - Blink                          Translocation                2
   c - Call Imp                       Summoning                    2
   d - Repel Missiles                 Charms/Air                   2
   e - Slow                           Hexes                        2
   f - Conjure Flame                  Conjuration/Fire             3
   g - Mephitic Cloud                 Conjuration/Poison/Air       3
 w - a Fen Folio

   Spells                             Type                      Level
   a - Corpse Rot                     Necromancy                   2
   b - Stone Arrow                    Conjuration/Earth            3
   c - Leda's Liquefaction            Hexes/Earth                  4
   d - Summon Forest                  Summoning/Translocation      5
   e - Hydra Form                     Transmutation                6
   f - Summon Hydra                   Summoning                    7
Comestibles
 l - a slice of pizza
 s - a meat ration
 t - a beef jerky
 v - a bread ration


   Skills:
 - Level 2.4 Dodging
 - Level 2.4 Stealth
 + Level 6.1 Spellcasting
 + Level 3.5 Conjurations
   Level 1.1 Summonings
 - Level 1.1 Translocations


You had 2 spell levels left.
You knew the following spells:

 Your Spells              Type           Power        Failure   Level  Hunger
a - Magic Dart            Conj           ###.         1%          1    None
b - Blink                 Tloc           N/A          10%         2    None
c - Slow                  Hex            #.......     12%         2    None
d - Conjure Flame         Conj/Fire      ###.....     14%         3    #......
e - Mephitic Cloud        Conj/Pois/Air  ##......     17%         3    #......
f - Repel Missiles        Chrm/Air       #.....       12%         2    None


Dungeon Overview and Level Annotations

Branches:
Dungeon (3/15)

Altars:
The Shining One


Message History

Aiming: Magic Dart
Press: ? - help, Shift-Dir - straight line, f - gnoll
Aim: a gnoll, wielding a flail The magic dart hits the gnoll.
The gnoll is lightly wounded.
The gnoll hits you with a flail.
* * * LOW HITPOINT WARNING * * *
Drink which item? (? for menu, Esc to quit)
Okay, then.
Casting: Magic Dart
Confirm with . or Enter, or press ? or * to list all spells.
Aiming: Magic Dart
Press: ? - help, Shift-Dir - straight line, f/p - gnoll
Aim: a gnoll, wielding a flail (lightly wounded)
The magic dart hits the gnoll.
The gnoll is moderately wounded.
The gnoll barely misses you.
You open the door. The gnoll hits you with a flail!
Ouch! That really hurt!
You die...

#.)....#
##.####†####.#
..........##.#
.#.####K#.##.#
#S#g##.# #.#
#..# ###..
#.##
......#g##.#
......'@...#
......#.####
...<> #.# #.#.
#.# ..#..#+##
#.# #.......r
S#.# #......g#
.#.#
#..K...g#..#..
+.......#.


You could see a gnoll.

Vanquished Creatures
  Ijyb (D:2)
  3 gnolls (D:3)
  2 oozes
  A worm (D:2)
  A giant cockroach (D:2)
  5 hobgoblins
  6 kobolds
  2 quokkas
  2 ball pythons (D:1)
  7 bats
  4 giant geckos
  A giant newt (D:2)
  5 goblins
  2 rats (D:3)
42 creatures vanquished.

Notes
Turn   | Place    | Note
--------------------------------------------------------------
     0 | D:1      | PossumBlood the Deep Elf Wizard began the quest for the Orb.
     0 | D:1      | Reached XP level 1. HP: 10/10 MP: 7/7
   299 | D:1      | Reached XP level 2. HP: 15/15 MP: 5/9
   422 | D:1      | Reached skill level 5 in Spellcasting
   774 | D:2      | Noticed Ijyb
   785 | D:2      | Killed Ijyb
   785 | D:2      | Reached XP level 3. HP: 11/19 MP: 0/12
  1103 | D:2      | Learned a level 2 spell: Blink
  1106 | D:2      | Learned a level 2 spell: Slow
  1110 | D:2      | Learned a level 3 spell: Conjure Flame
  1114 | D:2      | Learned a level 3 spell: Mephitic Cloud
  1117 | D:2      | Learned a level 2 spell: Repel Missiles
  1251 | D:2      | Reached XP level 4. HP: 24/24 MP: 5/13
  1404 | D:2      | Found a glowing golden altar of the Shining One.
  1841 | D:3      | Reached skill level 6 in Spellcasting
  1870 | D:3      | Mangled by a gnoll

Action                   |  1- 3 |  4- 6 || total
-------------------------+-------+-------++-------
Melee: Dagger            |       |    13 ||    13
 Cast: Magic Dart        |    74 |    37 ||   111
       Conjure Flame     |       |     1 ||     1
       Repel Missiles    |       |     1 ||     1
  Use: Scroll            |       |     4 ||     4
  Eat: Bread ration      |     1 |       ||     1
